[Event "Early-Titled-Tuesday-Blitz-February-27-2024"]
[Site "Chess.com"]
[Date "2024.02.27"]
[Round "6"]
[White "Janosik"]
[Black "FairChess_on_YouTube"]
[Result "0-1"]
[WhiteElo "2863"]
[BlackElo "3111"]
[TimeControl "180+1"]
[EndTime "9:03:53 PST"]
[Termination "FairChess_on_YouTube won by resignation"]

1. d4 Nf6 2. c4 e6 3. Nc3 Bb4 4. Qc2 O-O 5. Nf3 b6 6. e4 Bb7 7.
Bd3 h6 8. e5 Ne8 9. Be3 Nc6 10.
O-O-O Bxc3 11. Qxc3 a5 12. a3 a4 13. h4 f5 14. d5 exd5 15. cxd5 Ne7 16. Bc4 d6 17. Nd4 dxe5 18. d6+ Nd5 19. Ne6 Qxd6 20. Nxf8 Kxf8 21. Qd2 Nef6 22. Kb1 f4 23. Bxf4 exf4 24. Rhe1 Rd8 25. Qd4 Qc5 26. Qe5 Qxc4 0-1

[Event "Early-Titled-Tuesday-Blitz-February-27-2024"]
[Site "Chess.com"]
[Date "2024.02.27"]
[Round "6"]
[White "AlexeiShirov"]
[Black "SlavenPastar"]
[Result "1-0"]
[WhiteElo "2861"]
[BlackElo "2619"]
[TimeControl "180+1"]
[EndTime "9:03:53 PST"]
[Termination "AlexeiShirov won by resignation"]

1. e4 b6 2. d4 Bb7 3. Bd3 Nf6 4. Qe2 e6 5. f4 d5 6. e5 Ne4 7. Nf3 g6 8. Nbd2 Nxd2 9. Bxd2 h5 10. Ng5 Qd7 11. O-O a5 12. b3 a4 13. Rae1 axb3 14. axb3 Ba6 15. c4 Nc6 16. Be3 Nb4 17. Bb1 c5 18.
Qf2 dxc4 19. f5 gxf5 20. Bxf5 cxd4 21. Bxd4 Qxd4 22. Qxd4 Bc5 23. Nxe6 Bxd4+ 24. Nxd4 cxb3 25. Rf3 Nc2 26. Nxc2 bxc2 27. e6 Rd8 28. Bxc2 fxe6 29. Rxe6+ Kd7 30. Rxb6 Bc4 31. Rc3 Be6 32. Ba4+ Ke7 33.
Rc7+ Bd7 34. Rbb7 1-0

[Event "Early-Titled-Tuesday-Blitz-February-27-2024"]
[Site "Chess.com"]
[Date "2024.02.27"]
[Round "6"]
[White "Casper"]
[Black "LikeWater"]
[Result "1-0"]
[WhiteElo "2552"]
[BlackElo "2710"]
[TimeControl "180+1"]
[EndTime "9:03:54 PST"]
[Termination "Casper won by resignation"]

1. e4 c5 2. d4 cxd4 3. Qxd4 Nc6 4. Qe3 Nf6 5. Nc3 d5 6. exd5 Nxd5 7. Nxd5 Qxd5 8. Qb3 Qxb3 9. axb3 Bf5 10. c3 e5 11. Bb5 Bd6 12. Nf3 Ke7 13. Be3 a6 14. Bxc6 bxc6 15. Nd2 Bd3 16. b4 Rhb8 17. Nb3 f5 18.
O-O-O e4 19. Rhe1 a5 20. Nxa5 Kd7 21. Nb3 Ra2 22. g3 Kc8 23. Bc5 Be5 24. Bd4 Bxd4 25. Nxd4 c5 26. Nxf5 cxb4 27. Nd6+ Kc7 28. Nxe4 bxc3 29.
Nxc3 Bg6 30. Nxa2 1-0

[Event "Early-Titled-Tuesday-Blitz-February-27-2024"]
[Site "Chess.com"]
[Date "2024.02.27"]
[Round "6"]
[White "inagreV"]
[Black "MusicCityMaster"]
[Result "0-1"]
[WhiteElo "2396"]
[BlackElo "2558"]
[TimeControl "180+1"]
[EndTime "9:03:54 PST"]
[Termination "MusicCityMaster won by resignation"]

1. e4 e6 2. d4 d5 3. exd5 exd5 4. Nf3 Nc6 5. Bb5 Bg4 6. h3 Bh5 7. O-O Bd6 8. c4 a6 9. Bxc6+ bxc6 10. c5 Be7 11.
Bf4 Nf6 12. Nbd2 O-O 13. Re1 Re8 14. Qa4 Rb8 15. b3 Bxf3 16. Nxf3 Rb5 17. Ne5 Qa8 18. Re3 Bf8 19. Rae1 Ne4 20. f3 Nxc5 21. dxc5 Bxc5 22. Kh1 Bxe3 23. Rxe3 f6 24. Ng4 Rxe3 25. Bxe3 Qe8 26. Qf4 Rb7 27. Bd4 Qe6 28. h4 a5 29. h5 h6 30. Kh2 a4 31. bxa4 Rb4 32.
Qd2 Rxa4 33. Nf2 Qf7 34. g4 f5 35. Nh3 fxg4 36. fxg4 Qf3 37. Nf2 Ra3 38. Be5 c5 39.
Bxc7 d4 40. Qe1 Re3 41. Qg1 Re2 42. Bg3 d3 43. Qf1 d2 44. Kg1 Rxf2 45. Bxf2 d1=Q 0-1

[Event "Early-Titled-Tuesday-Blitz-February-27-2024"]
[Site "Chess.com"]
[Date "2024.02.27"]
[Round "6"]
[White "124chess"]
[Black "ArtemDyachuk"]
[Result "1-0"]
[WhiteElo "2539"]
[BlackElo "2681"]
[TimeControl "180+1"]
[EndTime "9:03:56 PST"]
[Termination "124chess won by checkmate"]

1. d4 d5 2. Bf4 Nf6 3. e3 c5 4. dxc5 Nc6 5. Bb5 Bd7 6. c3 g6 7.
Nf3 Bg7 8. O-O O-O 9. Nbd2 Qa5 10.
a4 a6 11. b4 Qd8 12. Bxc6 Bxc6 13. Be5 Qd7 14. Qb3 Qf5 15. Rfd1 Rfd8 16. Bd4 Ne4 17. Bxg7 Kxg7 18. Nxe4 dxe4 19. Nd4 Qh5 20. b5 axb5 21.
axb5 Bd7 22. Rxa8 Rxa8 23. c6 bxc6 24. bxc6 Rb8 25. Qc2 Rb2 26. cxd7 Rxc2 27. Ne6+ fxe6 28. d8=Q Qh4 29. Rf1 Kf7 30. Qd4 Qg4 31. h3 Qf5 32.
c4 h5 33. f3 Qg5 34. fxe4+ Ke8 35. Qh8+ Kd7 36. Rd1+ Kc7 37. Qd8+ Kc6 38. Qc8+ Kb6 39.
Rb1+ Ka7 40. Qb7# 1-0

[Event "Early-Titled-Tuesday-Blitz-February-27-2024"]
[Site "Chess.com"]
[Date "2024.02.27"]
[Round "6"]
[White "Preobrazhenska_D2011"]
[Black "averageFM"]
[Result "0-1"]
[WhiteElo "2428"]
[BlackElo "2625"]
[TimeControl "180+1"]
[EndTime "9:03:56 PST"]
[Termination "averageFM won by resignation"]

1. e4 c5 2. Nf3 e6 3. d4 cxd4 4. Nxd4 Nc6 5. Nc3 Qc7 6. g3 a6 7. Bg2 Nf6 8. O-O Nxd4 9. Qxd4 Bc5 10. Qd3 Ng4 11. Qe2 h5 12. Bf4 Ne5 13. Rfe1 h4 14.
Qd2 hxg3 15. hxg3 d6 16. Qe2 b5 17. Rad1 Bb7 18. Be3 O-O-O 19. Bxc5 dxc5 20. a3 g5 21. Nb1 g4 22. b4 f5 23. Nd2 c4 24. exf5 Bxg2 25. Kxg2 Rxd2 26. Rxd2 Qh7 27. Qe4 Qh3+ 28. Kg1 Nf3+ 29. Qxf3 gxf3 0-1

[Event "Early-Titled-Tuesday-Blitz-February-27-2024"]
[Site "Chess.com"]
[Date "2024.02.27"]
[Round "6"]
[White "Juicy_Fork"]
[Black "Suleyman_Chess06"]
[Result "1-0"]
[WhiteElo "2532"]
[BlackElo "2694"]
[TimeControl "180+1"]
[EndTime "9:03:57 PST"]
[Termination "Juicy_Fork won by resignation"]

1. e4 e6 2. d4 d5 3. Nc3 Nf6 4. Bg5 Be7 5. e5 Nfd7 6. h4 h6 7. Bxe7 Qxe7 8. Qg4 O-O 9. Nf3 c5 10. Nb5 Nc6 11. O-O-O cxd4 12. Qf4 f6 13. exf6 Qxf6 14.
Qd2 e5 15. Nc7 Nb6 16. Nxa8 Nxa8 17. Bb5 Bg4 18. Rde1 Bxf3 19. gxf3 Nc7 20. Bxc6 bxc6 21. Rhg1 Nb5 22. h5 d3 23. Rg6 Qxf3 24. Reg1 Rf7 25. Qxh6 d2+ 26. Kxd2 Qxf2+ 27. Kc1 Kf8 28. Rxg7 Qf4+ 29.
Qxf4 Rxf4 30. h6 Rh4 31. h7 Nd4 32. Rg8+ Kf7 33. Rf1+ Ke6 34. h8=Q Ne2+ 35. Kd2 Rxh8 36. Rxh8 Ng3 37. Rff8 Kd6 38. Ra8 Ne4+ 39. Ke3 Nc5 40. Rh6+ Kc7 41. Rxa7+ Kb6 42. Re7 d4+ 43. Ke2 e4 44.
Re5 d3+ 45. cxd3 exd3+ 46. Kd2 1-0

[Event "Early-Titled-Tuesday-Blitz-February-27-2024"]
[Site "Chess.com"]
[Date "2024.02.27"]
[Round "6"]
[White "ansko1999"]
[Black "nihalsarin"]
[Result "0-1"]
[WhiteElo "2738"]
[BlackElo "3191"]
[TimeControl "180+1"]
[EndTime "9:03:58 PST"]
[Termination "nihalsarin won by resignation"]

1. e4 e5 2. Nf3 Nc6 3. Bb5 a6 4. Bxc6 dxc6 5. O-O Qf6 6. d4 exd4 7. Bg5 Qd6 8. Nxd4 Bd7 9. Nc3 Be7 10. Be3 O-O-O 11.
Nb3 Qg6 12. f3 f5 13. Qe2 fxe4 14. Nxe4 Nf6 15. Bc5 Nxe4 16. fxe4 Rde8 17. Bxe7 Rxe7 18. Nc5 Bg4 19. Qc4 Rhe8 20. Rf2 Qd6 21. Raf1 Be6 22. Nxe6 Rxe6 23. Rf4 Kb8 24. h3 a5 25. a4 b6 26.
b3 Kb7 27. Kh1 g5 28. Rg4 Re5 29. Qd3 Qe7 30. Rf5 h5 31. Rgxg5 Qxg5 32. Rxg5 Rxg5 33. Qf3 Rge5 34. Kh2 h4 35. g3 Rxe4 36. gxh4 Re2+ 37. Kg1 Rxc2 38. h5 Re1+ 0-1

[Event "Early-Titled-Tuesday-Blitz-February-27-2024"]
[Site "Chess.com"]
[Date "2024.02.27"]
[Round "6"]
[White "carlocapau"]
[Black "Vesapesa"]
[Result "1/2-1/2"]
[WhiteElo "2461"]
[BlackElo "2243"]
[TimeControl "180+1"]
[EndTime "9:03:58 PST"]
[Termination "Game drawn by agreement"]

1. d4 d5 2. c4 e6 3. Nf3 Nf6 4. Nc3 Be7 5. Bf4 O-O 6. e3 b6 7. cxd5 Nxd5 8. Nxd5 Qxd5 9. Bd3 Qa5+ 10. Nd2 Ba6 11.
Qe2 Bb4 12. e4 c5 13. O-O cxd4 14. Nb3 Bxd3 15. Qxd3 Qa6 16. Qxa6 Nxa6 17. Nxd4 Bc5 18. Nb5 Rfd8 19. Rfd1 Nb4 20. Bc7 Rxd1+ 21. Rxd1 Nxa2 22. Nxa7 Nb4 23. Nb5 Nd3 24. Bg3 Nxb2 25. Rb1 Nc4 26. h4 f6 27. Rc1 Na3 28. Ra1 Ra5 29. Nd6 Bxd6 30. Bxd6 Nc4 31. Rd1 Nxd6 32. Rxd6 Kf7 33.
Rxb6 Ra4 34. f3 e5 35. Kf2 1/2-1/2

[Event "Early-Titled-Tuesday-Blitz-February-27-2024"]
[Site "Chess.com"]
[Date "2024.02.27"]
[Round "6"]
[White "Zq1"]
[Black "TigrVShlyape"]
[Result "0-1"]
[WhiteElo "2632"]
[BlackElo "2869"]
[TimeControl "180+1"]
[EndTime "9:04:00 PST"]
[Termination "TigrVShlyape won by resignation"]

1. Nf3 d5 2. c4 c6 3. e3 Nf6 4. Nc3 a6 5. d4 g6 6. Be2 Bg7 7. O-O O-O 8. a4 a5 9. b3 Bg4 10. h3 Bxf3 11. Bxf3 e6 12. Ba3 Re8 13. Qd2 Nbd7 14.
e4 dxe4 15. Bxe4 Qb6 16. Bc2 Rad8 17. Rfd1 Bf8 18. Bxf8 Rxf8 19. Qf4 Rfe8 20. c5 Qa7 21. Nb1 Qb8 22. Qxb8 Rxb8 23. Na3 e5 24. Nc4 exd4 25. Nxa5 Nxc5 26. Rxd4 Nd5 27. b4 Ne6 28. Rc4 b5 29.
Rh4 Rec8 30. axb5 Rxb5 31. Ba4 Rxb4 32. Rxb4 Nxb4 33. Nc4 Ra8 34. Nb2 Nc5 35. f4 Kg7 36. Kf2 Nbd3+ 0-1

[Event "Early-Titled-Tuesday-Blitz-February-27-2024"]
[Site "Chess.com"]
[Date "2024.02.27"]
[Round "6"]
[White "RobertoJBM"]
[Black "marcodobrikov"]
[Result "1-0"]
[WhiteElo "2852"]
[BlackElo "2612"]
[TimeControl "180+1"]
[EndTime "9:04:00 PST"]
[Termination "RobertoJBM won by resignation"]

1. d4 Nf6 2. Nf3 e6 3. e3 b6 4.
Bd3 Bb7 5. Qe2 d5 6. Nbd2 Nbd7 7. e4 dxe4 8. Nxe4 Be7 9. Bd2 O-O 10. O-O c5 11. dxc5 Nxc5 12. Nxc5 Bxc5 13. Rad1 Qd5 14. c4 Qh5 15. Ne5 Qh4 16. Be3 Rad8 17. Bxc5 bxc5 18. Qe3 Rd4 19. Rd2 Rfd8 20. Rfd1 h6 21. Bf1 R8d6 22. b3 g6 23. g3 Qg5 24. f4 Qf5 25. Rxd4 cxd4 26. Rxd4 Rxd4 27. Qxd4 h5 28. Qd8+ Kg7 29.
Qc7 Qxf4 1-0

[Event "Early-Titled-Tuesday-Blitz-February-27-2024"]
[Site "Chess.com"]
[Date "2024.02.27"]
[Round "6"]
[White "Kezin_Roman"]
[Black "GMKrikor"]
[Result "1-0"]
[WhiteElo "2796"]
[BlackElo "2918"]
[TimeControl "180+1"]
[EndTime "9:04:04 PST"]
[Termination "Kezin_Roman won on time"]

1. a3 e5 2. c4 f5 3. Nc3 Nc6 4. g3 Nf6 5. Bg2 d6 6. b4 g6 7. e3 e4 8. Nge2 Ne5 9. O-O Nxc4 10. d3 exd3 11. Qxd3 Ne5 12. Qc2 Bg7 13. Rd1 O-O 14. Nb5 Rf7 15. Bb2 Nc6 16. Rac1 Bd7 17. Nbd4 Nxd4 18. Nxd4 c6 19. b5 c5 20. Nb3 Qc7 21.
a4 Re8 22. Qd3 Bf8 23. Bxf6 Rxf6 24. Nxc5 dxc5 25. Qxd7 Qxd7 26. Rxd7 b6 27. Rxa7 Re7 28. Ra6 Kg7 29. Bc6 Kh6 30. Rxb6 Ra7 31. Rc4 Rd6 32. Rb7 Ra5 33. Rh4+ Kg5 34. Rhxh7 1-0

[Event "Early-Titled-Tuesday-Blitz-February-27-2024"]
[Site "Chess.com"]
[Date "2024.02.27"]
[Round "6"]
[White "Ramla2020"]
[Black "Boorchess"]
[Result "1/2-1/2"]
[WhiteElo "2404"]
[BlackElo "2554"]
[TimeControl "180+1"]
[EndTime "9:04:05 PST"]
[Termination "Game drawn by repetition"]

1. c4 e5 2. g3 h5 3. h3 Bc5 4. Bg2 d6 5. e3 Nc6 6. Ne2 a5 7. d4 Bb6 8. Nbc3 Nge7 9. Nd5 Nxd5 10. cxd5 Ne7 11. b3 Ng6 12. Bb2 O-O 13. O-O h4 14. dxe5 hxg3 15. Nxg3 Nxe5 16. e4 Qh4 17.
Qh5 Qxh5 18. Nxh5 f5 19. Nf4 fxe4 20. Bxe5 dxe5 21. Ng6 Rf6 22. Nxe5 Bd4 23. Nc4 Bxa1 24.
Rxa1 Bf5 25. Ne3 Bg6 26. Rc1 Rf7 27. Ng4 Re8 28. Rc4 Rd7 29. Ne3 Kf8 30. Bf1 Ke7 31.
Rc5 b6 32. Rc2 Rh8 33. Kh2 Kd8 34. Kg3 Rf7 35. Bg2 Rhf8 36. Ng4 Re8 37. Rd2 Bh5 38. Ne3 Bf3 39. Bf1 Rf6 40. Bb5 Rh8 41. Bf1 Rg6+ 42. Kh2 Rgh6 43. Kg3 Rg6+ 44. Kh2 Rgh6 45. Kg3 Rg6+ 1/2-1/2

[Event "Early-Titled-Tuesday-Blitz-February-27-2024"]
[Site "Chess.com"]
[Date "2024.02.27"]
[Round "6"]
[White "Dewarfd"]
[Black "lagunanivaria"]
[Result "1/2-1/2"]
[WhiteElo "2160"]
[BlackElo "2423"]
[TimeControl "180+1"]
[EndTime "9:04:05 PST"]
[Termination "Game drawn by stalemate"]

1. d4 Nf6 2. e3 e6 3. Nf3 b6 4. Bd3 Bb7 5. O-O d5 6. b3 Bd6 7. Bb2 O-O 8. Nbd2 c5 9. Qe2 Nc6 10.
a3 Rc8 11. Rac1 Qe7 12. dxc5 bxc5 13. e4 dxe4 14. Nxe4 Nxe4 15. Qxe4 g6 16. Qc4 Rfd8 17. Rfe1 Nd4 18. Nxd4 cxd4 19. Qb5 Bc6 20. Qa5 Bc7 21. Qb4 Qxb4 22. axb4 Rb8 23. Ra1 Bb6 24. b5 Be8 25.
Ra4 Bc5 26. Ba3 Bxa3 27. Rxa3 Bxb5 28. Bxb5 Rxb5 29. Rxa7 d3 30. cxd3 Rxb3 31. h4 Rbxd3 32. Rc1 Rd1+ 33. Rxd1 Rxd1+ 34. Kh2 h5 35. g3 Kf8 36.
Kg2 Ke8 37. Rb7 Rd7 38. Rb2 Ke7 39. Kf3 Kf6 40. Rb5 e5 41. Ra5 Kf5 42. Rb5 f6 43. Ra5 g5 44. hxg5 fxg5 45. Ra6 Rd3+ 46. Kg2 Rd2 47. Ra8 e4 48. Rf8+ Kg4 49. Kg1 e3 50. fxe3 Kxg3 51. Kf1 h4 52. e4 h3 53. Rh8 h2 54.
Ke1 Rd4 55. e5 Re4+ 56. Kf1 Rxe5 57. Re8 Rxe8 1/2-1/2

[Event "Early-Titled-Tuesday-Blitz-February-27-2024"]
[Site "Chess.com"]
[Date "2024.02.27"]
[Round "6"]
[White "FoxOnTheRun97"]
[Black "GreenPeach24"]
[Result "0-1"]
[WhiteElo "2642"]
[BlackElo "2485"]
[TimeControl "180+1"]
[EndTime "9:04:06 PST"]
[Termination "GreenPeach24 won by checkmate"]

1. d4 d5 2. Bf4 Nf6 3. e3 c5 4. Nd2 Nc6 5. c3 cxd4 6. exd4 Bg4 7. Ngf3 e6 8. h3 Bh5 9. Qb3 Qd7 10. Ne5 Qc8 11. Bd3 Nxe5 12. dxe5 Nd7 13. O-O a6 14. c4 Nc5 15. Qc2 Nxd3 16. Qxd3 Bg6 17. Qb3 d4 18. c5 Bxc5 19. Rac1 O-O 20. Nc4 Qd7 21. Na5 b6 22. Nc4 b5 23. Nd2 Rac8 24. Rfd1 Rfd8 25. Bg5 Be7 26. Nf3 Bxg5 27. Nxg5 Rxc1 28. Rxc1 d3 29. Rd1 Rc8 30. Nf3 Be4 31. Ng5 Bg6 32. Nf3 h6 33. Rd2 Be4 34. Ne1 Rc1 35. Rd1 d2 36. Nf3 Bc2 37. Qe3 Rxd1+ 38. Kh2 Qd5 39. h4 Be4 40. Nxd2 Rxd2 41. Qa7 Qxe5+ 42. Kh3 Bf5+ 43.
g4 Rd3+ 44. Kg2 Qe4+ 45. Kh2 Qf4+ 46. Kg2 Qxg4+ 47. Kh2 Rh3# 0-1

[Event "Early-Titled-Tuesday-Blitz-February-27-2024"]
[Site "Chess.com"]
[Date "2024.02.27"]
[Round "6"]
[White "BogdanDeac"]
[Black "Truequitos"]
[Result "1-0"]
[WhiteElo "2981"]
[BlackElo "2589"]
[TimeControl "180+1"]
[EndTime "9:04:09 PST"]
[Termination "BogdanDeac won by resignation"]

1. a4 d5 2. e3 Nf6 3. Nf3 g6 4.
b4 a5 5. b5 Bg7 6. Bb2 c5 7. c4 b6 8. cxd5 O-O 9. Bc4 Nxd5 10.
Bxg7 Kxg7 11. O-O Bb7 12. d4 Nd7 13. Qb3 e6 14. Nbd2 Rc8 15. Rac1 Qe7 16. Rfe1 Kg8 17. e4 Nb4 18. d5 e5 19. Rcd1 Qd6 20. Nf1 Rce8 21.
Ng3 f6 22. Nd2 Kh8 23. Be2 Rf7 24. Nc4 Qf8 25. d6 f5 26. exf5 gxf5 27. Bh5 f4 28. Nxb6 fxg3 29. Qxf7 Qxf7 30. Bxf7 gxf2+ 31. Kxf2 Rf8 32. Nxd7 Rxf7+ 33. Kg1 Rxd7 34. Rxe5 Kg7 35. Rxc5 Kf6 36. b6 Nc6 37. Rh5 Kg6 38. Rc5 Kf6 39.
Rd2 Ke6 40. Rh5 Kf6 41. h3 Ne5 42. Rf2+ 1-0

[Event "Early-Titled-Tuesday-Blitz-February-27-2024"]
[Site "Chess.com"]
[Date "2024.02.27"]
[Round "6"]
[White "PabloZarnicki"]
[Black "koncheto"]
[Result "1-0"]
[WhiteElo "2642"]
[BlackElo "2460"]
[TimeControl "180+1"]
[EndTime "9:04:09 PST"]
[Termination "PabloZarnicki won by resignation"]

1. e4 c5 2. Nf3 d6 3. d4 cxd4 4. Nxd4 Nf6 5. Nc3 Nc6 6. Bg5 e6 7. Qd2 a6 8. O-O-O Bd7 9. f3 h6 10. Be3 h5 11. Kb1 Be7 12. h3 h4 13. f4 b5 14. a3 Rb8 15. Bd3 b4 16. axb4 Nxb4 17. Nb3 a5 18. e5 Nfd5 19. Nxd5 Nxd5 20. Bd4 a4 21. Nc1 Qc8 22. Na2 Qb7 23. c4 Nb4 24.
Nxb4 Qxb4 25. Qxb4 Rxb4 26. Bc3 Rb8 27. exd6 Bxd6 28.
f5 exf5 29. Rhe1+ Be6 30. Bxf5 Kd7 31. Bxe6+ fxe6 32. Be5 Rb6 33. c5 1-0

[Event "Early-Titled-Tuesday-Blitz-February-27-2024"]
[Site "Chess.com"]
[Date "2024.02.27"]
[Round "6"]
[White "Keures"]
[Black "JulbeNn"]
[Result "1-0"]
[WhiteElo "2382"]
[BlackElo "2525"]
[TimeControl "180+1"]
[EndTime "9:04:09 PST"]
[Termination "Keures won on time"]

1. d4 Nf6 2. c4 c5 3. d5 b5 4. cxb5 a6 5. b6 d6 6. Nc3 Qxb6 7. e4 g6 8. Be2 Bg7 9. Nf3 O-O 10. Nd2 Nbd7 11.
a4 Ne5 12. h3 Nh5 13. a5 Qc7 14. Bxh5 Nd3+ 15. Kf1 gxh5 16. Nc4 Nxc1 17. Rxc1 Rb8 18. Nb6 Bd7 19. Kg1 f5 20. Qe2 fxe4 21. Nxe4 Bf5 22.
Ng5 Bd4 23. Ne6 Bxe6 24. Qxe6+ Kh8 25. Rc2 Rf6 26. Qe4 Qd8 27. Kh2 Bxf2 28. Qe2 Bd4 29. Rf1 1-0

[Event "Early-Titled-Tuesday-Blitz-February-27-2024"]
[Site "Chess.com"]
[Date "2024.02.27"]
[Round "6"]
[White "kuba2006"]
[Black "banhgiahuy2606"]
[Result "0-1"]
[WhiteElo "2466"]
[BlackElo "2655"]
[TimeControl "180+1"]
[EndTime "9:04:11 PST"]
[Termination "banhgiahuy2606 won on time"]

1. e4 e6 2. d4 d5 3. e5 c5 4. c3 Qb6 5. Nf3 Bd7 6. Bd3 Bb5 7. O-O Bxd3 8. Qxd3 Nd7 9. a3 c4 10. Qe2 Ne7 11.
Nbd2 Qc6 12. b4 cxb3 13. Nxb3 Qxc3 14. Rb1 Qc4 15. Qb2 Nc6 16. Be3 Nb6 17. Rfc1 Qb5 18. Qc3 Na4 19. Qd2 Qa6 20. Rc2 Be7 21. Nc5 Nxc5 22.
dxc5 O-O 23. h4 f6 24. exf6 Bxf6 25. h5 Rad8 26. h6 e5 27. Bg5 e4 28. hxg7 Kxg7 29.
Nh4 Kh8 30. Nf5 Ne5 31. Nd6 Bxg5 32. Qxg5 Rxd6 33. cxd6 Qxd6 0-1

[Event "Early-Titled-Tuesday-Blitz-February-27-2024"]
[Site "Chess.com"]
[Date "2024.02.27"]
[Round "6"]
[White "IlanSchnaider"]
[Black "ImportedItalianMaple"]
[Result "1-0"]
[WhiteElo "2748"]
[BlackElo "2549"]
[TimeControl "180+1"]
[EndTime "9:04:12 PST"]
[Termination "IlanSchnaider won by resignation"]

1. e4 g6 2. d4 Bg7 3. Nc3 d5 4.
exd5 Nf6 5. Bc4 Nbd7 6. Bg5 Nb6 7.
Bxf6 exf6 8. Bb3 O-O 9. Nge2 Bg4 10. O-O Re8 11. f3 Bf5 12. Ng3 Qd7 13. a4 a5 14. Qd2 c6 15. dxc6 bxc6 16. Nge4 Rad8 17. Rad1 Bxe4 18. fxe4 c5 19. Nd5 Nxd5 20. exd5 cxd4 21.
Qxa5 f5 22. Rd3 Re2 23. Qb5 Qe7 24. Rdf3 Qg5 25. Qxe2 1-0

[Event "Early-Titled-Tuesday-Blitz-February-27-2024"]
[Site "Chess.com"]
[Date "2024.02.27"]
[Round "6"]
[White "rhungaski"]
[Black "Defenstrator"]
[Result "1-0"]
[WhiteElo "2594"]
[BlackElo "2404"]
[TimeControl "180+1"]
[EndTime "9:04:12 PST"]
[Termination "rhungaski won by resignation"]

1. e4 Nc6 2. Nf3 e5 3. d4 exd4 4. Nxd4 g6 5. Nc3 Bg7 6. Be3 Nf6 7. Qd2 d5 8. Bb5 Bd7 9. exd5 Nb4 10. Bc4 Bc8 11. O-O-O Nbxd5 12. Nxd5 Nxd5 13. Bg5 f6 14. Rhe1+ Kf7 15. Nf3 c6 16. Qf4 Bf5 17. g4 fxg5 18.
Nxg5+ Kg8 19. gxf5 Qf6 20. Rxd5 Qxb2+ 21. Kd1 Qa1+ 22.
Ke2 Re8+ 23. Re5+ Kf8 24. fxg6+ 1-0

[Event "Early-Titled-Tuesday-Blitz-February-27-2024"]
[Site "Chess.com"]
[Date "2024.02.27"]
[Round "6"]
[White "FredddieCroderg"]
[Black "amanjazu"]
[Result "0-1"]
[WhiteElo "2294"]
[BlackElo "2514"]
[TimeControl "180+1"]
[EndTime "9:04:12 PST"]
[Termination "amanjazu won by checkmate"]

1. e4 Nf6 2. Nc3 d5 3. e5 Nfd7 4. f4 e6 5. Nf3 c5 6. d4 Nc6 7.
Ne2 cxd4 8. Nexd4 Bc5 9. c3 O-O 10. Bd3 Qb6 11. Bxh7+ Kxh7 12. Ng5+ Kg6 13. Qg4 f5 14.
Qh4 Ndxe5 15. Qh7+ Kf6 16. fxe5+ Nxe5 17. Ngf3 Nxf3+ 18. Nxf3 Bf2+ 19. Ke2 f4 20. Rf1 Be3 21. Nd4 e5 22.
Bxe3 Qxb2+ 23. Bd2 Bg4+ 24. Nf3 Rh8 25. Qb1 Qxb1 26.
Raxb1 e4 27. Rxb7 Rxh2 28. Bxf4 Rxg2+ 29. Ke3 exf3 30. Bd6 Re8+ 31. Kf4 Re4# 0-1

[Event "Early-Titled-Tuesday-Blitz-February-27-2024"]
[Site "Chess.com"]
[Date "2024.02.27"]
[Round "6"]
[White "EvgenyBurmakin"]
[Black "HelvertHernandez"]
[Result "1-0"]
[WhiteElo "2341"]
[BlackElo "2003"]
[TimeControl "180+1"]
[EndTime "9:04:12 PST"]
[Termination "EvgenyBurmakin won by resignation"]

1. e4 c5 2. Nc3 Nc6 3. Bb5 g6 4.
Bxc6 bxc6 5. f4 Bg7 6. Nf3 e6 7.
d3 d6 8. O-O Ne7 9. Qe1 O-O 10. f5 exf5 11. Qh4 fxe4 12. dxe4 d5 13. Bh6 dxe4 14. Bxg7 Nf5 15. Qxd8 Rxd8 16. Bf6 exf3 17.
Bxd8 fxg2 18. Rfe1 Be6 19. Bf6 h5 20. Rad1 Kh7 21. Rd8 Rxd8 22. Bxd8 Nd4 23. Rc1 Bh3 24. Bf6 Nf3+ 25. Kf2 Nxh2 26. Bh4 Nf1 27. Ne2 Kg7 28. Ng1 f6 29. Nxh3 g5 30. Kxg2 gxh4 31. Rxf1 Kg6 32.
Nf4+ Kf5 33. Nxh5+ Kg4 34. Nf4 f5 35. Nh3 c4 36.
Rf4+ Kh5 37. Rxf5+ Kg6 38. Rc5 1-0

[Event "Early-Titled-Tuesday-Blitz-February-27-2024"]
[Site "Chess.com"]
[Date "2024.02.27"]
[Round "6"]
[White "rasmussvane"]
[Black "Rodalquilar"]
[Result "1-0"]
[WhiteElo "2949"]
[BlackElo "2786"]
[TimeControl "180+1"]
[EndTime "9:04:15 PST"]
[Termination "rasmussvane won on time"]

1. Nf3 d5 2. g3 Nf6 3. Bg2 e6 4. O-O Be7 5. c4 O-O 6. b3 d4 7. e3 c5 8. exd4 cxd4 9. Ne5 Qc7 10. Re1 Nbd7 11. Nxd7 Bxd7 12. Ba3 Bxa3 13. Nxa3 Bc6 14. d3 Bxg2 15. Kxg2 Qc6+ 16. Qf3 Qxf3+ 17. Kxf3 Rfd8 18. Rac1 Rac8 19. b4 a6 20. Re2 Nd7 21. c5 Nb8 22. Nc4 Nc6 23. a3 Na7 24. a4 Nc6 25. Rb2 Ne7 26.
Nd6 Rc7 27. b5 axb5 28. Rxb5 Rdd7 29. Rcb1 Nd5 30. Rxb7 h5 31. a5 Nc3 32. a6 Nxb1 33. a7 Nd2+ 34. Ke2 Rd8 35. Rxc7 Nb3 36. Rc8 Rxc8 37.
Nxc8 Nxc5 38. a8=Q 1-0

[Event "Early-Titled-Tuesday-Blitz-February-27-2024"]
[Site "Chess.com"]
[Date "2024.02.27"]
[Round "6"]
[White "Firouzja2003"]
[Black "Pedrada88"]
[Result "1-0"]
[WhiteElo "3071"]
[BlackElo "2584"]
[TimeControl "180+1"]
[EndTime "9:04:19 PST"]
[Termination "Firouzja2003 won on time"]

1. d4 Nf6 2. e3 e6 3. Ne2 c5 4. g3 d5 5. Bg2 Nc6 6. O-O Be7 7. c4 O-O 8. cxd5 Nxd5 9. Nbc3 cxd4 10. exd4 Nxc3 11.
bxc3 Bd7 12. Nf4 Rc8 13. Re1 Qa5 14. Bd2 Rfd8 15. c4 Qa3 16. d5 Nd4 17. Bc1 Qc3 18. Rb1 Ba4 19. Bb2 Bxd1 20. Bxc3 Nf3+ 21. Bxf3 Bxf3 22.
Rxb7 Rxc4 23. Rxe7 Rxc3 24. dxe6 f6 25. Rd7 Re8 26.
e7 g5 27. Ne6 Bg4 28. Rd8 Bh5 29. g4 Bg6 30. f4 gxf4 31. Nxf4 Kf7 32. Rxe8 Kxe8 33. Nd5 Rc6 34. Rf1 Bf7 35. Nxf6+ Kxe7 36. Nxh7 Rc2 37. Re1+ Kd6 38. Nf6 Bxa2 39. h4 Bb3 40. h5 a5 41. h6 a4 42. h7 Rc8 43.
Ne8+ Kd7 44. h8=Q 1-0

[Event "Early-Titled-Tuesday-Blitz-February-27-2024"]
[Site "Chess.com"]
[Date "2024.02.27"]
[Round "6"]
[White "AttackSparrow"]
[Black "MasterKroket"]
[Result "1-0"]
[WhiteElo "2648"]
[BlackElo "2467"]
[TimeControl "180+1"]
[EndTime "9:04:19 PST"]
[Termination "AttackSparrow won by resignation"]

1. Nf3 Nf6 2. b3 g6 3. Bb2 Bg7 4. g3 O-O 5. Bg2 d5 6. O-O c6 7.
c4 dxc4 8. bxc4 Nbd7 9. d3 Re8 10. Nc3 e5 11. Nd2 Nc5 12. Qc2 Ne6 13. Rab1 Nd4 14. Qd1 Bg4 15. h3 Bf5 16. Nce4 Nxe4 17. Nxe4 Qe7 18.
Nc3 Rad8 19. a4 e4 20. g4 exd3 21. exd3 Bc8 22. Kh1 f5 23. gxf5 Bxf5 24. Ne4 Qh4 25. Bxd4 Bxh3 26. Bf6 Bxg2+ 27. Kxg2 Bxf6 28. Qf3 Bd4 29. Rxb7 Re7 30. Rh1 Qxh1+ 31. Kxh1 Rxb7 32. Ng5 Rc8 33. Qg4 Rd8 34. Ne6 Rd6 35. Nxd4 Rbd7 36. Nxc6 Rxd3 37.
Ne5 Rd1+ 38. Kg2 Rd8 39. c5 R1d5 40. Qe6+ Kg7 41. c6 Kh6 42. c7 1-0

[Event "Early-Titled-Tuesday-Blitz-February-27-2024"]
[Site "Chess.com"]
[Date "2024.02.27"]
[Round "6"]
[White "jefferyx"]
[Black "Lukianoo"]
[Result "1-0"]
[WhiteElo "3048"]
[BlackElo "2839"]
[TimeControl "180+1"]
[EndTime "9:04:20 PST"]
[Termination "jefferyx won by resignation"]

1. e4 c6 2. Nf3 d5 3. d3 Bg4 4.
h3 Bh5 5. Nc3 e6 6. Qe2 Nf6 7.
g4 Bg6 8. g5 Nh5 9. h4 d4 10.
Nb1 c5 11. Bh3 Nc6 12. Bg4 h6 13. gxh6 gxh6 14. Ne5 Nxe5 15. Bxh5 Be7 16. Bf4 Bxh5 17. Qxh5 Ng6 18. Bg3 Qb6 19. b3 Bd6 20. Nd2 Bxg3 21.
fxg3 Qc7 22. O-O-O a5 23. a4 b5 24. axb5 a4 25.
Nc4 axb3 26. cxb3 O-O 27. b6 Qc6 28. Qxh6 Qb5 29. Kb2 Qb4 30. Qd2 Qb5 31. h5 Ne7 32. Qg5+ Kh7 33. Qxe7 Qb4 34. Rc1 Rg8 35. Qxf7+ Rg7 36.
Qxe6 Rxg3 37. Qf5+ Kg8 38. Rhg1 Qc3+ 39. Rxc3 dxc3+ 40. Kxc3 Rxg1 41. Qd5+ 1-0